 Dungeon Crawl Stone Soup version 0.22.1-2-g9c5b331 (webtiles) character file.

1226 WarriorsX the Chopper (level 8, -17/63 HPs)
             Began as a Human Berserker on Dec 15, 2018.
             Was a Believer of Trog.
             Demolished by an ogre
             ... wielding a +0 giant club
              (25 damage)
             ... on level 5 of the Dungeon.
             The game lasted 00:16:49 (4105 turns).

WarriorsX the Chopper (Human Berserker)             Turns: 4105, Time: 00:16:51

Health: -17/63     AC:  4    Str: 16    XL:     8   Next: 76%
Magic:  8/8        EV: 13    Int: 17    God:    Trog [**....]
Gold:   208        SH:  0    Dex: 15    Spells: 7/7 levels left

rFire    . . .     SeeInvis +   k - +0 war axe "Dischago" {chop, rF- Str-4 Int+10 Dex+2} (curse)
rCold    . . .     Gourm    .   (no shield)
rNeg     . . .     Faith    .   d - +3 ring mail {rF+}
rPois    .         Spirit   .   y - +0 helmet
rElec    .         Reflect  .   (no cloak)
rCorr    .         Harm     .   (no gloves)
MR       .....     Rnd*Tele +   u - +1 pair of boots
Stlth    +.........             (no amulet)
HPRegen  0.20/turn              t - ring of see invisible
MPRegen  0.11/turn              v - ring of teleportation (curse)

@: corroded, berserk cooldown, very slightly contaminated, slowed, very slow
A: no striking features
a: Berserk, Trog's Hand, Renounce Religion


You were on level 5 of the Dungeon.
You worshipped Trog.
Trog was pleased with you.
You were not hungry.

You visited 2 branches of the dungeon, and saw 6 of its levels.

You collected 208 gold pieces.

Inventory:

Hand Weapons
 a - a +0 hand axe
 h - a +0 glaive
 k - the cursed +0 war axe "Dischago" (weapon) {chop, rF- Str-4 Int+10 Dex+2}
   (You found it on level 5 of the Dungeon)

   It inflicts extra damage upon your enemies.
   It affects your strength (-4).
   It affects your intelligence (+10).
   It affects your dexterity (+2).
   It makes you vulnerable to fire.
   It has a curse placed upon it.
 q - a +4 hand axe
 z - a +1 trident of venom
Armour
 d - a +3 ring mail of fire resistance (worn)
 u - a +1 pair of boots (worn)
 y - a +0 helmet (worn)
Jewellery
 t - a ring of see invisible (left hand)
 v - a cursed ring of teleportation (right hand)
Wands
 e - a wand of random effects (13)
 l - a wand of iceblast (4)
 o - a wand of polymorph (1)
 w - a wand of flame (23)
Scrolls
 b - 2 scrolls of remove curse
 g - 3 scrolls of identify
 i - 3 scrolls of enchant armour
Potions
 f - 2 potions of curing
 p - 2 potions of agility
 r - 2 potions of brilliance
Comestibles
 c - 9 rations


   Skills:
 * Level 5.4 Fighting
 + Level 5.9 Axes
 * Level 5.7 Armour
 * Level 5.0 Dodging
 + Level 0.2 Evocations


You had 7 spell levels left.
You didn't know any spells.
Your spell library was empty.

Dungeon Overview and Level Annotations

Branches:
Dungeon (5/15)             Temple (1/1) D:5

Altars:
Ashenzari
Cheibriados
Dithmenos
Elyvilon
Fedhas
Gozag
Kikubaaqudgha
Makhleb
Nemelex Xobeh
Okawaru
Qazlal
Sif Muna
Uskayaw
Vehumet
Wu Jian
Xom
Yredelemnul
Zin
The Shining One


Message History

As you read the scroll of blinking, it crumbles to dust.
Your skin stops crawling.
You feel less resistant to hostile enchantments.
You eat one of the 10 rations.
That ration really hit the spot!
Your skin crawls.
You feel resistant to hostile enchantments.
You feel somewhat more hungry.
Okay, then.
The phantom blinks!
The jelly hits you.
* * * LOW HITPOINT WARNING * * *
The acid corrodes you!
You are splashed with acid!
The acid burns!
* * * LOW HITPOINT WARNING * * *
Okay, then.
You feel the effects of Trog's Hand fading.
The jelly hits you but does no damage. The jelly closely misses you.
Your skin stops crawling.
You feel less resistant to hostile enchantments.
The jelly closely misses you. The ogre hits you with a giant club!!
You die...

..#...#...#W..#..#
#...#.#...###.((#
#..#...#..#..#..#
#.....###(.(#.#
#.....#.)#....#
#.....#...#...#
..#.#...#.#......#
.#...#O#...#...$...
........@..........##
...................#
####################


You could see an ogre.

Vanquished Creatures
  A black bear (D:3)
  2 ogres (D:5)
  A centaur (D:5)
  A water moccasin skeleton (D:5)
  A bullfrog zombie (D:5)
  A crimson imp (D:5)
  5 orc priests
  3 bullfrog skeletons
  A jelly (D:5)
  2 orc wizards (D:5)
  Natasha (thrice) (D:4)
  3 worker ants (D:4)
  3 hound zombies (D:5)
  Robin (D:2)
  4 gnolls
  7 adders
  A shadow imp (D:5)
  An adder skeleton (D:5)
  3 worms
  2 dart slugs
  2 leopard geckos
  23 orcs
  2 ball pythons
  3 bats
  6 giant cockroaches
  17 goblins
  10 hobgoblins
  8 jackals
  A quokka (D:5)
  3 frilled lizards (D:2)
  8 kobolds
  8 rats
  A plant (D:4)
138 creatures vanquished.

Vanquished Creatures (others)
  A plant (D:4)
1 creature vanquished.

Grand Total: 139 creatures vanquished

Notes
Turn   | Place    | Note
-------+----------+-------------------------------------------
     0 | D:1      | WarriorsX the Human Berserker began the quest for the Orb.
     0 | D:1      | Reached XP level 1. HP: 18/18 MP: 1/1
   165 | D:1      | Reached XP level 2. HP: 24/24 MP: 2/2
   368 | D:1      | Reached XP level 3. HP: 29/29 MP: 3/3
   910 | D:2      | Reached XP level 4. HP: 30/35 MP: 4/4
   985 | D:2      | Found a shattered altar of Ashenzari.
  1133 | D:2      | Noticed Robin
  1174 | D:2      | Reached ** piety under Trog
  1187 | D:2      | Killed Robin
  1400 | D:2      | Reached XP level 5. HP: 35/41 MP: 5/5
  2319 | D:3      | Noticed a black bear
  2329 | D:3      | Killed a black bear
  2329 | D:3      | Reached XP level 6. HP: 45/48 MP: 6/6
  2696 | D:4      | Noticed Natasha
  2702 | D:4      | Killed Natasha
  2702 | D:4      | Reached XP level 7. HP: 54/54 MP: 7/7
  2988 | D:4      | Noticed Natasha
  3081 | D:4      | Killed Natasha
  3268 | D:4      | Noticed Natasha
  3281 | D:4      | Killed Natasha
  3569 | D:5      | Entered Level 5 of the Dungeon
  3664 | D:5      | Reached skill level 5 in Armour
  3674 | D:5      | Found a staircase to the Ecumenical Temple.
  3684 | Temple   | Entered the Ecumenical Temple
  3713 | D:5      | Reached XP level 8. HP: 57/61 MP: 8/8
  3771 | D:4      | Reached skill level 5 in Axes
  3857 | D:5      | Reached skill level 5 in Fighting
  3860 | D:5      | Got an encrusted war axe
  3861 | D:5      | Identified the cursed +0 war axe "Dischago" {chop, rF-
                  | Str-4 Int+10 Dex+2} (You found it on level 5 of the
                  | Dungeon)
  4083 | D:5      | Reached skill level 5 in Dodging
  4100 | D:5      | HP: 2/63 [acid (9)]
  4105 | D:5      | Demolished by an ogre

Skill      XL: |  1  2  3  4  5  6  7  8 |
---------------+-------------------------+-----
Axes           | 4 5 |  5.9
Armour         | 3 4 5 |  5.7
Fighting       | 4 5 |  5.4
Dodging        | 3 4 5 |  5.0
Evocations     | |  0.2

Action                   |  1- 3 |  4- 6 |  7- 9 || total
-------------------------+-------+-------+-------++-------
Melee: Hand axe          |   103 |   128 |   174 ||   405
       Unarmed           |       |     4 |       ||     4
       Long sword        |       |    80 |    15 ||    95
       War axe           |       |       |    42 ||    42
Invok: Trog's Hand       |       |     6 |    10 ||    16
       Berserk           |       |     2 |     1 ||     3
Evoke: Wand              |       |       |     3 ||     3
  Use: Scroll            |       |       |    11 ||    11
       Potion            |       |       |     5 ||     5
  Eat: Chunk             |       |     9 |     9 ||    18
       Ration            |       |       |     1 ||     1
Armor: Animal skin       |     4 |       |       ||     4
       Ring mail         |    41 |    99 |   106 ||   246
Dodge: Dodged            |    67 |   141 |   147 ||   355
       Rpst.: Long sword |       |    18 |     5 ||    23
